Map: Blackpink LE

Players

BobbyAwesome - Winner!

  • Race: Protoss Protoss
  • League: Diamond
  • Spawn Location: 7:00

Sonic

  • Race: Terran Terran
  • League: Diamond
  • Spawn Location: 1:00

VOD

Have the link to the VOD?

Description

Time

  • Played on: May 13, 2018, 5:58 a.m.
  • Length: 2:47
Show
View Real Time Build Order
Export as new Build Order

BobbyAwesome Protoss - Winner!

Build Orders:  

Get SALT Encoding   

  12  0:01  Probe  
  13  0:14  Pylon  
  13  0:20  Assimilator  
  13  0:32  Gateway  
  13  0:33  Probe  
  13  0:41  Probe  
  15  0:51  Probe  
  16  1:04  Probe  
  17  1:09  Gateway  
  17  1:16  Probe  
  18  1:20  Cybernetics Core  
  18  1:24  Zealot  
  20  1:29  Probe  
  21  1:41  Probe  
  21  1:46  Pylon  
  22  1:55  Stalker x2  
  26  2:08  Assimilator  
  26  2:09  Probe  
Show
View Real Time Build Order
Export as new Build Order

Sonic Terran 

Build Orders:  

Get SALT Encoding   

  12  0:01  SCV  
  13  0:13  SCV  
  14  0:19  Supply Depot  
  14  0:25  SCV  
  15  0:30  Refinery  
  15  0:40  SCV  
  16  0:47  Barracks  
  16  0:52  SCV  
  17  1:02  Refinery  
  17  1:05  SCV  
  18  1:17  SCV  
  19  1:35  Factory  
  19  1:36  Orbital Command  
  19  1:39  Barracks Reactor  
  19  1:49  Supply Depot  
  19  2:01  SCV  
  20  2:13  SCV  
Tags
 
Add a new tag
Caveats
  • Supply blocks, unpowered buildings, or Contaminate may cause inaccurate times.
  • Supply counts are checked every 10 seconds.